Workbook

Sheet A
C3: 該当出展者のみ提出 | H3: FAX：011-281-7554 | T3: A
H4: E-Mail：kankyo-jim@anker.jp
H5: 提出期限：2026年6月22日(月)
C7: 環境広場さっぽろ2026 6月22日(月)〆切 提出書類一覧
C9: 出展者名
C11: No. | E11: 申請書名 | N11: 申込締切
C12: A | E12: 提出書類一覧 | N12: 6月22日(月) | Q12: 下記申請書提出出展社のみ
C13: 1 | E13: 配布物 申請書 | N13: 6月22日(月) | Q13: 該当出展者のみ
C14: 2 | E14: フードZONE申請① | N14: 6月22日(月) | Q14: フード出展者様
C15: 3 | E15: フードZONE申請② | N15: 6月22日(月) | Q15: フード出展者様
C16: 保① | E16: 保健所申請① | N16: 6月22日(月) | Q16: フードZONE以外の 試飲・試食・飲食物販売 実施出展者のみ
C17: 保② | E17: 保健所申請② | N17: 6月22日(月)
C18: ■ 電気使用に関して 小間・アリーナ内には電源は付帯しておりません。 電気が必要な出展社様は”申請書11”にて必要事項をご入力いただき、6月26日(金)までにご提出ください。
C27: 上記等の電子機器の使用をするときや充電をする場合にも電源は必要です。 ご使用の際は必ずお申込みください。 ※電源使用には1回線1.5kw 35,000円(税別)がかかります。

Sheet 1配布物
C3: 該当出展者のみ提出 | H3: FAX：011-281-7554 | T3: 1
H4: E-Mail：kankyo-jim@anker.jp
H5: 提出期限：2026年6月22日(月)
C7: 配布物申請書
C9: 出展者名 | H9: =IF(A!H9="","",A!H9)
C11: ■ 配布物・販売物の有無
C12: 販売物の有無
C13: 配布物の有無（配布条件なし）
C14: 配布物の有無（抽選会などの配布条件あり）
C15: 個人情報取得の有無
C16: ■ 販売物の詳細をご記入ください。（物販を希望される出展社のみ） ※飲食物を販売される方は、保健所申請が必要です。
C17: No. | E17: 品名 | K17: カテゴリー ※その他の場合は詳細を入力 | P17: 販売予定数 | S17: 商品単価(税込)
C18: 1 | U18: 円
C19: 2 | U19: 円
C20: 3 | U20: 円
C21: 4 | U21: 円
C22: 5 | U22: 円
C23: 6 | U23: 円
C24: 7 | U24: 円
C25: ■ 配布物の詳細をご記入ください。（サンプリングを希望される出展者のみ） ※営業許可申請が必要となる場合はあります。※飲食物をサンプリングされる場合は、保健所申請が必要です。
C26: No. | E26: 品名 | K26: カテゴリー ※その他の場合は詳細を入力 | P26: 配布予定数 | S26: 配布条件
C27: 1
C28: 2
C29: 3
C30: 4
C31: 5
C32: 6
C33: 7

Sheet 2フード１
C3: フードゾーン申請書① | J3: FAX：011-281-7554 | AC3: 2
J4: E-Mail：kankyo-jim@anker.jp
J5: 提出期限：2026年6月22日(月)
C7: フード出展申請書①
C9: 出展者名 | J9: =IF(A!H9="","",A!H9)
C11: ■ フード
C13: 住所 | J13: 〒
C15: 連絡先 | J15: TEL
C16: 現場責任者名
C17: 衛生管理責任者名
C18: ■ 出展者パス ”申請書4”にて申請をお願いします。【提出期限：6月26日(金)】 ※出展者パスの着用がない場合は入場できません。必ず申請をお願いします。 ※8月1日(土)・8月2日(日) 17:00頃まではアリーナへの車両進入ができません。 台車などで搬入出できない大型のものなどがある場合は、運営事務局までご相談ください。
C19: ■ 販売商品 ※「商品画像」と「商品ラベル」は画像タイトルに項番を入れて別途ご提出ください。 ※イベントの特性上、取扱う製品について可能な限りアレルギー表⽰をしてください。​（パッケージ等に記載されている場合はその限りではありません。​）
C21: No. | D21: 商品名 | K21: 商品詳細 | R21: 提供方法 調理・加工方法 | Y21: 販売金額(税込) | AB21: 販売予定数
C22: 例 | D22: 商品名を入力 | K22: 商品内容(主原料など)を入力 | R22: 直径10cmの紙皿に100gの〇〇を乗せて来場者へ販売 など | Y22: 600 | AA22: 円 | AB22: 〇〇 | AD22: 個
C23: 1 | AA23: 円 | AD23: 個
C24: 2 | AA24: 円 | AD24: 個
C25: 3 | AA25: 円 | AD25: 個
C26: 4 | AA26: 円 | AD26: 個
C27: 5 | AA27: 円 | AD27: 個
C28: 6 | AA28: 円 | AD28: 個
C29: 7 | AA29: 円 | AD29: 個
C30: 8 | AA30: 円 | AD30: 個
C31: 9 | AA31: 円 | AD31: 個
C32: 10 | AA32: 円 | AD32: 個
C33: ※記入欄が足りない場合は、複数枚でのご記入をお願いします。

Sheet 3フード２
C3: フードゾーン申請書② | J3: FAX：011-281-7554 | AC3: 3
J4: E-Mail：kankyo-jim@anker.jp
J5: 提出期限：2026年6月22日(月)
C7: フード出展申請書② レイアウト図面
C9: 出展者名 | J9: =IF(A!H9="","",A!H9)
C11: ■ フード | J11: =IF('2フード１'!J11="","",'2フード１'!J11)
C13: ■ 電気供給について 電気は別途申請が必要です。1回線1.5kw 35,000円(税別)※屋外出展は電気のお申し込みはできません。 ”申請書類11”にてお申込みください。【提出期限：6月26日(金)】
C14: 電気有無
C15: ※必要を選択された出展者は必ず”申請書11”を提出してください。【提出期限：6月26日(金)】 ※追加1回線につきコンセント(2口付)1ヶ所が付きます。 コンセントを増やす場合は、別途お申込み 3,000円(税別)が必要です。(”申請書11”)
C16: ■ 備品について テーブル・イスなどの備品は有料となりますので、”申請書12”にて申請をお願いします。【提出期限：6月26日(金)】
C17: ■ レイアウト（テント出展） | R17: ■ レイアウト（キッチンカー出展）
C18: 保健所申請にはレイアウト図面の提出が必須です。 ※飲食物の取り扱いブースには ・簡易手洗いセット(20ℓコック付きポリタンク+排水受け皿用バケツ) ・消毒用アルコールスプレー・ハンドソープ・ペーパータオル が必ず必要です。 ※簡易手洗いセットをレンタルしたい場合は、運営事務局までお問い合わせください。 | R18: 消火器の位置を含めた車内レイアウト図面の提出が必須です。 ※キッチンカー出展では ・営業許可証の写し（画像） が必ず必要です。
C19: 【小間出展】 | S19: 【小間出展 記入例】
C32: 通路側 | S32: 通路側
C33: 【キッチンカー】 | S33: 【キッチンカー記入例】
C45: 販売面 | S45: 販売面
C46: ※別紙図面の提出でも可能です。（別紙でご提出いただく際には別紙に出展社名のご記入をお願いします。）

Sheet 保1
C3: 保健所申請① | J3: FAX：011-281-7554 | AC3: 保①
J4: E-Mail：kankyo-jim@anker.jp
J5: 提出期限：2026年6月22日(月)
C7: 保健所申請① 飲食物販売・試食・試飲取り扱い一覧表
C9: 出展者名 | J9: =IF(A!H9="","",A!H9)
C11: 住所 | J11: 〒
C13: 連絡先 | J13: TEL
C14: 現場責任者名
C15: 衛生管理責任者名
C16: ■ 保健所申請① ※レイアウト図面が必須となります。保健所申請②を一緒に提出してください。 飲食物の取扱いは保健所へ運営事務局が代行申請いたします。 ・取扱い商品の試飲、試食を行う場合 ・事務局から許可された出展者で営業許可を伴う調理行為を行う場合 ・事務局から許可された出展者で飲食物の販売を行う場合 上記に該当するフードゾーン出展社以外の出展者は必ずご記入の上提出してください。 ※記入がない場合は、ブース運営ができなくなる可能性もございます。
C17: ■ 取扱品目
C18: No. | D18: 商品名 | K18: 商品詳細 | S18: サンプリング方法 販売方法 | AA18: サンプリング予定数 販売予定数
C19: 例 | D19: 商品名を入力 | K19: 商品内容(主原料など)を入力 | S19: 直径10cmの紙皿に100gの〇〇を乗せて来場者へ販売 など | AA19: 〇〇 | AD19: 個
C20: 1 | AD20: 個
C21: 2 | AD21: 個
C22: 3 | AD22: 個
C23: 4 | AD23: 個
C24: 5 | D24: 1 | AD24: 個
C25: 6 | AD25: 個
C26: 7 | AD26: 個
C27: 8 | AD27: 個
C28: 9 | AD28: 個
C29: 10 | AD29: 個
C30: ※記入欄が足りない場合は、複数枚でのご記入をお願いします。

Sheet 保2
C3: 保健所申請② | J3: FAX：011-281-7554 | AC3: 保②
J4: E-Mail：kankyo-jim@anker.jp
J5: 提出期限：2026年6月22日(月)
C7: 保健所申請② レイアウト図面
C9: 出展者名 | J9: =IF(A!H9="","",A!H9)
C11: 住所 | J11: 〒 | K11: =IF(保1!K11="","",保1!K11)
J12: =IF(保1!J12="","",保1!J12)
C13: 連絡先 | J13: TEL | K13: =IF(保1!K13="","",保1!K13)
C14: 現場責任者名 | J14: =IF(保1!J14="","",保1!J14)
C15: 衛生管理責任者名 | J15: =IF(保1!J15="","",保1!J15)
C16: ■ 保健所申請② 飲食物の取扱いは保健所へ運営事務局が代行申請いたします。 ・取扱い商品の試飲、試食を行う場合 ・事務局から許可された出展者で営業許可を伴う調理行為を行う場合 ・事務局から許可された出展者で飲食物の販売を行う場合 上記に該当するフードゾーン出展者以外の出展社は必ずご記入の上提出してください。 ※記入がない場合は、ブース運営ができなくなる可能性もございます。
C17: ■ レイアウト 保健所申請にはレイアウト図面の提出が必須です。必ずご記入ください。 ※飲食物の取り扱いブースには ・簡易手洗いセット(20ℓコック付きポリタンク+排水受け皿用バケツ) ・消毒用アルコールスプレー・ハンドソープ・ペーパータオルが必ず必要です。 ※簡易手洗いセットをレンタルしたい場合は、運営事務局までお問い合わせください。
C18: 【レイアウト】
S19: 【1小間 記入例】
C31: 通路側 | S31: 通路側

Sheet B
C3: 全出展者提出 | H3: FAX：011-281-7554 | T3: B
H4: E-Mail：kankyo-jim@anker.jp
H5: 提出期限：2026年6月26日(金)
C7: 環境広場さっぽろ2026 6月26日(金)締め切り提出書類一覧
C9: 出展者名 | N9: 小間番号
C11: No. | E11: 申請書名 | N11: 申込締切
C12: B | E12: 提出書類一覧 | N12: 6月26日(金) | Q12: 全出展者提出
C13: 4 | E13: 各種パス 申請書 | N13: 6月26日(金) | Q13: 全出展者提出
C14: 5 | E14: 装飾・施工 申請書 | N14: 6月26日(金) | Q14: 小間/スぺース出展者
C15: 6 | E15: キャリア教育ゾーンお仕事体験 申請書 | N15: 6月26日(金) | Q15: お仕事体験出展者
C16: 7 | E16: 環境・SDGsゾーンセミナー 申請書 | N16: 6月26日(金) | Q16: 環境・SDGsゾーン出展者
C17: 8 | E17: スポーツゾーン 申請書 | N17: 6月26日(金) | Q17: スポーツゾーン出展者
C18: 9 | E18: ステージ 申請書 | N18: 6月26日(金) | Q18: ステージ出演者
C19: 10 | E19: エコカー試乗会 申請書 | N19: 6月26日(金) | Q19: エコカー試乗会出展者
C20: 11 | E20: 電気工事 申請書 | N20: 6月26日(金) | Q20: 電気を使用希望出展者
C21: 12 | E21: リース備品 申請書 | N21: 6月26日(金) | Q21: 備品レンタル希望出展者
C22: 13 | E22: パンチカーペット 申請書 | N22: 6月26日(金) | Q22: パンチカーペット希望出展者
C23: 14 | E23: 着ぐるみ/ストックヤード 申請書 | N23: 6月26日(金) | Q23: 着ぐるみ使用/ストックヤード 希望出展者

Sheet 4各種パス
C3: 全出展者提出 | J3: FAX：011-281-7554 | AC3: 4
J4: E-Mail：kankyo-jim@anker.jp
J5: 提出期限：2026年6月26日(金)
C7: 各種パス申請書
C9: 出展者名 | H9: =IF(B!F9="","",B!F9) | T9: 小間番号 | Y9: =IF(B!Q9="","",B!Q9)
C11: ■ 搬入車両許可証・搬出車両許可証 ※搬入出が可能な時間帯は出展ガイドブックP.10に記載しております。ご参照ください。 ※エコカー試乗会の試乗車の許可証は別途ございますので”申請書10”にて申請してください。
C12: 車両タイプ | J12: 7月31日(金) 特装搬入 | Q12: 7月31日(金) 搬入 | X12: 8月2日(日) 搬出
J13: 台数 | M13: 搬入可能時間 | Q13: 台数 | T13: 搬入可能時間 | X13: 台数 | AA13: 搬出可能時間
C14: 例）2tトラック | J14: 1 | L14: 台 | M14: 10:00～16:00 特装4小間以上 | Q14: 1 | S14: 台 | T14: 14:00～16:00 全出展社 | X14: 1 | Z14: 台 | AA14: 17:00頃～20:00
C15: 乗用車・ワゴン車 | L15: 台 | S15: 台 | Z15: 台
G16: tトラック | L16: 台 | S16: 台 | Z16: 台
G17: tトラック | L17: 台 | S17: 台 | Z17: 台
T19: 特装搬入車両許可証 希望枚数 | Z19: 計 | AA19: =SUM(J15:K17) -> 0 | AD19: 枚
T20: 搬入車両許可証 希望枚数 | Z20: 計 | AA20: =SUM(Q15:R17) -> 0 | AD20: 枚
T21: 搬出車両許可証 希望枚数 | Z21: 計 | AA21: =SUM(X15:Y17) -> 0 | AD21: 枚
C22: ■ 作業員リボン・出展者パス ※必要数をご入力ください。 ※会期中のブース運営にかかわるスタッフが6名以上の場合は、追加(有料)でお申込みください。
C23: 入場許可証 | H23: 用途 | P23: 料金(税抜) | U23: 制限 | Z23: 希望枚数
C24: 作業員リボン | H24: 設営・撤去時にアリーナ内に入場できます。 | P24: 無料 | U24: なし | AD24: 枚
C25: 出展者パス | H25: ※会期中、会場内に入場できます。 ※会期中、ブース運営に関わる全てのスタッフに 必要です。 | P25: 無料 | U25: 5枚 / 1出展者 | Z25: 5 | AD25: 枚
H26: ※上記パスが不足の場合のみ 追加でお申込みください。 | P26: 1,000円(税別) / 枚 | U26: なし | AD26: 枚
C27: ■ 駐車・進入車両許可証 ※会期中のブース運営に関わるスタッフなど駐車車両または進入車両(送迎・荷物運搬のみ)が発生する場合にお申込みください。 ※下記中いかなる場合であっても許可証がないお車は札幌ドーム敷地内に進入することができません。 ※許可証が手元に届きましたら必ず許可証に「出展者名」、「小間番号」を記入してください。記入のない出展者はアリーナ内に進入できません。 ※出展者駐車場には限りがありますので無料分は1出展者につき1枚とさせていただきます。 ※エコカー試乗会の試乗車の許可証は別途ございますので”申請書10”にて申請してください。
C28: 駐車・進入車両許可証 | H28: 用途 | P28: 料金(税抜) | U28: 制限 | Z28: 希望枚数
C29: 出展者駐車許可証 | H29: ※会期中、札幌ドーム敷地内進入・ 札幌ドーム駐車場に駐車できます。 ※送迎・荷物運搬のみの場合でも 札幌ドーム敷地内に進入する場合は お申込みください。 | P29: 無料 | U29: 1枚 / 1出展者
H30: ※上記パスが不足の場合のみ 追加でお申込みください。 | P30: 2,000円(税別) / 枚 | U30: 追加最大 2枚まで | AD30: 枚

Sheet 5装飾施工
C3: 小間・スぺース出展者提出 装飾・施工申請 | J3: FAX：011-281-7554 | AC3: 5
J4: E-Mail：kankyo-jim@anker.jp
J5: 提出期限：2026年6月26日(金)
C7: 装飾・施工 申請書
C9: 出展者名 | H9: =IF(B!F9="","",B!F9) | T9: 小間番号 | Y9: =IF(B!Q9="","",B!Q9)
C11: 出展ガイドブック「展示装飾規定」P.25～P.29をご一読の上、該当項目を選択してください。
C12: □ 保健所申請② レイアウト図面 | P12: ➡ | S12: ※保健所申請②にてレイアウト図面を提出済み、 または別紙にてレイアウト図面を提出済みの場合は、 「提出済」を選択してください。 保健所申請②レイアウト図面、別紙レイアウト図面を 提出いただいておりますので、レイアウトの記入は必要ありません。 ※ブース内特別仕様→小間の装飾で合板、布類、カーペット等を 使用する場合、危険物の持ち込みが必要な場合は 消防署へのレイアウト申請が必要です。 必ずレイアウト図面をご提出ください。
C13: □ 別紙 レイアウト図面
C14: □ ブース内の特別仕様
C15: □ パネルカット
C17: □ 通路側パネル | P17: ➡ | S17: ※角小間となった場合は、通路側パネルは付きません。通路側にもパネルをご希望の場合は、「希望する」を選択してください。
C18: ■ ブース内レイアウト 記入例を見本にレイアウトを具体的にご記入ください。混雑が予想される場合は、誘導計画(待機列・人員)をご入力ください。
C19: 【レイアウト】
T20: ブース内に車両展示をする場合は下記にチェックを入れてください。
T21: FALSE | U21: 車両展示有
T23: ※⾞両の展⽰については、展⽰⾞両の周囲2mを開放する必要があるため、4⼩間以上から可能となります。 ※車両展示を行う場合、車両の写真・ナンバー・車検証のコピーが必要となります。 ※燃料となるガソリンについてはエンプティランプ点灯まで減らす事が 条件となります
C32: 通路側
C33: 【１小間記入例】 | S33: 【2小間記入例】
C46: 通路側 | S46: 通路側
C47: ※別紙図面の提出でも可能です。（別紙でご提出いただく際には別紙に出展者名のご記入をお願いします。）

Sheet 6キャリア
C3: キャリア教育ゾーン 体験イベント申請書 | J3: FAX：011-281-7554 | AC3: 6
J4: E-Mail：kankyo-jim@anker.jp
J5: 提出期限：2026年6月26日(金)
C7: キャリア教育ゾーン（お仕事体験イベント）申請書
C9: 出展者名 | H9: =IF(B!F9="","",B!F9) | T9: 小間番号 | Y9: =IF(B!Q9="","",B!Q9)
C11: ■ 電気供給について ※フォーム申込みにて、電気の有無を「必要」と回答いただいた出展社は”申請書類11”を必ず提出してください。
C12: ■ 出展者パス・駐車許可証・搬入出許可証について ”申請書4”にて申請をお願いします。 ※出展者パスの着用がない場合、入場できません。必ず申請をお願いします。 ※8月1日(土)・2日(日) 17:00頃まではアリーナへの車両進入ができません。 台車などで搬入出できない大型なものなどがある場合は、運営事務局までご相談ください。
C13: ■ 備品について テーブルとイスは付属します。必要な場合は、必要数を入力してください。 その他の備品、付属上限を超えるテーブルとイスに関しては有料となりますので、 ”申請書12”にて申請をお願いします。
C14: 〇 会議用テーブル（幅1,800×奥行450mm×高さ700mm） | AB14: 本 | AC14: ※6本まで
C15: 〇 折りたたみイス | AB15: 脚 | AC15: ※18脚まで
C16: ■ レイアウト 5ｍ×5ｍ土間渡し・バックパネルなし・ポールパーテーション仕切り
C17: レイアウトを具体的にご記入ください。 | S17: 【記入例】
S30: 通路側
C31: ※別紙図面の提出でも可能です。（別紙でご提出いただく際には別紙に出展者名のご記入をお願いします。）

Sheet 7 環境SDGs
C3: 環境・SDGsゾーン セミナーイベント申請書 | J3: FAX：011-281-7554 | AC3: 7
J4: E-Mail：kankyo-jim@anker.jp
J5: 提出期限：2026年6月26日(金)
C7: 環境・SDGsゾーン（セミナーイベント）申請書
C9: ■ 環境・SDGsゾーン（セミナーイベント）
C11: 出展者名 | H11: =IF(B!F9="","",B!F9) | T11: 小間番号 | Y11: =IF(B!Q9="","",B!Q9)
C13: ■ 電気供給について 電気は1.5kwコンセント1回線のみ無料です。追加は、1回線1.5kw 35,000円(税別)がかかります。 ”申請書11”にてお申込みください。
C14: 電気追加(有料)有無
C15: ■ 出展者パス・駐車許可証・搬入出許可証について ”申請書4”にて申請をお願いします。 ※出展者パスの着用がない場合、入場できません。必ず申請をお願いします。 ※8月1日(土)・2日(日) 17:00頃まではアリーナへの車両進入ができません。 台車などで搬入出できない大型なものなどがある場合は、運営事務局までご相談ください。
C16: ■ 備品について テーブル（12台）・イス（36脚）・ホワイトボード（1台）、コンセント（100V/1.5kw/2口×1か所）は付属します。 その他の備品、付属上限を超えるテーブルとイスに関しては有料となりますので、 ”申請書12”にて申請をお願いします。
C17: 〇 簡易PA（必要な場合はマイクの本数をご入力ください。） | AB17: 本 | AC17: ※2本まで
C18: ■ レイアウト 幅9ｍ×奥行9ｍ・3方バックパネルあり セミナーブースは下記レイアウトとなります。 テーブルやイスの移動が必要な場合は、出展者様ご自身でご移動ください。
I32: 通路側

Sheet 8 スポーツ
C3: スポーツゾーン スポーツ体験申請書 | J3: FAX：011-281-7554 | AC3: 8
J4: E-Mail：kankyo-jim@anker.jp
J5: 提出期限：2026年6月26日(金)
C7: スポーツゾーン（スポーツ体験）申請書
C9: ■ スポーツゾーン（スポーツ体験）
C11: 出展者名 | H11: =IF(B!F9="","",B!F9) | T11: 小間番号 | Y11: =IF(B!Q9="","",B!Q9)
C13: タイトル
C14: 団体名
C15: ■ 実施概要（50文字以内）
AA16: =LEN(C16) -> 0 | AC16: 文字
C17: ■ 実施日
C18: ① | Q18: ②
C19: ■ 電気供給について ※フォーム申込みにて、電気の有無を「必要」と回答いただいた出展社は”申請書類11”を必ず提出してください。
C20: ■ 持込機材リスト
C21: 品目 | N21: 数量 | Q21: 備考
C22: 例）サッカーゴール | N22: 1
C28: ■ 備品について テーブル・イス・カラーコーン・フェンスが必要な場合は、必要数を入力してください。 下記に記載のないその他の備品、上限を超えるテーブルとイスに関しては有料となります。 ”申請書12”にて申請をお願いします。
C29: 〇 会議用テーブル（幅1,800mm×奥行450mm×高さ700mm） | AB29: 本 | AC29: ※2本まで
C30: 〇 折りたたみイス | AB30: 脚 | AC30: ※4脚まで
C31: 〇 フェンス | AB31: 枚
C32: 〇 カラーコーン | AB32: 本 | AC32: ※10本まで
C33: ■ 出展者パス・駐車許可証・搬入出許可証について ”申請書4”にて申請をお願いします。 ※出展者パスの着用がない場合、入場できません。必ず申請をお願いします。 ※8月1日(土)・2日(日) 17:00頃まではアリーナへの車両進入ができません。 台車などで搬入出できない大型なものなどがある場合は、運営事務局までご相談ください。
C34: ■ レイアウトをご記入ください。 別途図面でも可能です。 ※別途図面には必ず出展者名をご記入ください。 10m×25m

Sheet 9 STAGE
C3: ステージ申請書 | J3: FAX：011-281-7554 | AC3: 9
J4: E-Mail：kankyo-jim@anker.jp
J5: 提出期限：2026年6月26日(金)
C7: ステージゾーン（ライブステージ）申請書
C9: ■ ステージゾーン（ライブステージ） 下記の必要事項を明記してメールまたはFAXにて提出をお願いします。 注意事項が載っておりますので必ず出展ガイドブックをお読みください。
C10: タイトル | Q10: 団体名
C11: ■ 運営事務局からの連絡先 ※運営事務局から直接連絡が入ります。※固定電話の場合は、未登録番号からの着信可能番号を記載願います
C12: 社名 | Q12: TEL
C13: 担当部署 | Q13: FAX
C14: 担当者名 | Q14: 担当者携帯電話番号
C15: 住所 | H15: 〒
C17: ■ 実施内容（50文字以内） ※会場MCがご紹介コメントとして使用します。
AA18: =LEN(C18) -> 0 | AC18: 文字
C19: ■ セットリスト
C20: No. | F20: 曲名 | N20: 詳細 | X20: 音源・トラック
C21: 1
C22: 2
C23: 3
C24: 4
C25: 5
C26: ■ 実施スケジュール
C27: ① | Q27: ②
C28: 本番時間 | I28: リハーサル時間 | O28: 会場入時間 | U28: 着替え等の控室(場所)使用有無 | AA28: 出演者総数
AD29: 人
C30: ※著作権管理楽曲を使用する場合は、出演団体様にて必要な著作権手続きおよび使用料のお支払いをお願いいたします。
C31: 総司会の役割
C32: 音源の持込 | N32: 音源種類
C33: マイク希望本数 | I33: マイクロフォン | S33: 本 | T33: ワイヤレスマイク(最大4本) | AD33: 本
I34: マイクスタンド | S34: 本 | T34: その他
C35: ステージ使用備品 | I35: テーブル | S35: 本 | T35: イス | AD35: 脚
C36: 持込楽器
C37: 持込機材
C38: 持込備品
C39: 電源の使用 | N39: 用途
I40: 口数 | S40: 口 | T40: 消費W | AD40: W
C41: アーカイブ配信
C42: ■ 出展者パス・駐車許可証・搬入出許可証について ”申請書4”にて申請をお願いします。 ※出展者パスの着用がない場合、入場できません。必ず申請をお願いします。 ※8月1日(土)・2日(日) 17:00頃まではアリーナへの車両進入ができません。 台車などで搬入出できない大型なものなどがある場合は、運営事務局までご相談ください。
C43: ⇔ | D43: 出ハケ導線は下手奥のみです
C54: 観客席

Sheet 10試乗会
C3: エコカー試乗会 申請書 | J3: FAX：011-281-7554 | AC3: 10
J4: E-Mail：kankyo-jim@anker.jp
J5: 提出期限：2026年6月26日(金)
C7: エコカー試乗会申請書
C9: 出展者名 | H9: =IF(B!F9="","",B!F9)
C11: イベント名
C12: ■ 試乗車進入・駐車許可証 ※試乗車以外の車両は許可証が別途ございます。”申請書４”にて申請をお願いします。
C13: No. | F13: 車種 | O13: 車両No. | X13: 車両カラー
C14: 1
C15: 2
C16: 3
C17: 4
C18: 5
C19: ■ 実施スケジュール
C20: ① | Q20: ②
C21: ※OPEＮ時初回体験は10:15～としてください。
C22: 実施回数 | G22: 実施時間 | Z22: 募集組数（定員）
C23: 1 | K23: ： | P23: ～ | U23: ： | AD23: 組
C24: 2 | K24: ： | P24: ～ | U24: ： | AD24: 組
C25: 3 | K25: ： | P25: ～ | U25: ： | AD25: 組
C26: 4 | K26: ： | P26: ～ | U26: ： | AD26: 組
C27: 5 | K27: ： | P27: ～ | U27: ： | AD27: 組
C28: 6 | K28: ： | P28: ～ | U28: ： | AD28: 組
C29: 7 | K29: ： | P29: ～ | U29: ： | AD29: 組
C30: 8 | K30: ： | P30: ～ | U30: ： | AD30: 組
C31: 9 | K31: ： | P31: ～ | U31: ： | AD31: 組
C32: 10 | K32: ： | P32: ～ | U32: ： | AD32: 組
T34: 募集合計 | Y34: =SUM(Z23:AC32)&" " -> 0 | AD34: 組
C35: ■ 出展者パス・駐車許可証・搬入出許可証について ”申請書4”にて申請をお願いします。 ※出展者パスの着用がない場合、入場できません。必ず申請をお願いします。 ※8月1日(土)・2日(日) 17:00頃まではアリーナへの車両進入ができません。 台車などで搬入出できない大型なものなどがある場合は、運営事務局までご相談ください。

Sheet 11電気
C3: 希望出展者のみ提出 | J3: FAX：011-281-7554 | AC3: 11
J4: E-Mail：kankyo-jim@anker.jp
J5: 提出期限：2026年6月26日(金)
C7: 電気工事申請書
C9: 出展者名 | H9: =IF(B!F9="","",B!F9) | T9: 小間番号 | Y9: =IF(B!Q9="","",B!Q9)
C11: ■ 電気供給について ※フォーム申込みにて、電気の有無を「必要」と回答いただいた出展社は必ず提出してください。
C12: ■ 電気容量 小間内で使用する器具と電気容量をご入力ください。（100W = 0.1kw）
C13: 器具名 | P13: 電気容量 | U13: 個数 | Z13: 合計
C14: 例）ハロゲン球スポット | P14: 0.1 | T14: kw | U14: 5 | Y14: 個 | Z14: =P14*U14 -> 0.5 | AD14: kw
T15: kw | Y15: 個 | Z15: =P15*U15 -> 0 | AD15: kw
T16: kw | Y16: 個 | Z16: =P16*U16 -> 0 | AD16: kw
T17: kw | Y17: 個 | Z17: =P17*U17 -> 0 | AD17: kw
T18: kw | Y18: 個 | Z18: =P18*U18 -> 0 | AD18: kw
T19: kw | Y19: 個 | Z19: =P19*U19 -> 0 | AD19: kw
U21: 電気容量合計 | Z21: =SUM(Z15:AC19) -> 0 | AD21: kw
C23: 回線数 | AC23: 回線
C24: 金額：1回線 1.5kw 35,000円(税別) | P24: =P23*35000 -> 0 | AC24: 円
C25: ※1回線につきコンセント(2口付き)1か所が付きます。コンセントを増やす場合は、下記よりお申込みください。
C26: 追加コンセント | AC26: 回線
C27: 金額：3,000円(税別) / 1ヶ所 | P27: =P26*3000 -> 0 | AC27: 円
C28: ■ 24時間通電
C29: 24時間通電
C30: ■ 電気工事設計図
C31: 【レイアウト】 ※記入例を見本にレイアウトをご記入ください。 | S31: 【記入例】
C47: ※別紙図面の提出でも可能です。（別紙でご提出いただく際には別紙に出展者名のご記入をお願いします。）

Sheet 12リース
C3: 希望出展者のみ提出 | J3: FAX：011-281-7554 | AC3: 12
J4: E-Mail：kankyo-jim@anker.jp
J5: 提出期限：2026年6月26日(金)
C7: リース備品申請書
C9: 出展者名 | H9: =IF(B!F9="","",B!F9) | T9: 小間番号 | Y9: =IF(B!Q9="","",B!Q9)
C11: ■ リース備品について 備品・追加備品は有料となります。下記の一覧表を基に必要な備品をお申込みください。 備品の画像、詳細は出展ガイドブックP51.をご覧ください。 （リストにないものは運営事務局までご相談ください。）
C12: No. | E12: 品名 | M12: サイズ | V12: 単価(税別) | Y12: 数量 | AB12: 金額(税別)
M13: 幅 | P13: 奥行 | S13: 高さ
C14: 1 | E14: 会議机（木目） | M14: 1800 | P14: 600 | S14: 700 | V14: 2750 | AB14: =V14*Y14 -> 0
C15: 2 | M15: 1500 | P15: 600 | S15: 700 | V15: 2750 | AB15: =V15*Y15 -> 0
C16: 3 | M16: 1200 | P16: 600 | S16: 700 | V16: 2750 | AB16: =V16*Y16 -> 0
C17: 4 | M17: 1800 | P17: 450 | S17: 700 | V17: 2400 | AB17: =V17*Y17 -> 0
C18: 5 | M18: 1800 | P18: 900 | S18: 700 | V18: 3300 | AB18: =V18*Y18 -> 0
C19: 6 | E19: 丸テーブル | M19: Φ600 | S19: 700 | V19: 7800 | AB19: =V19*Y19 -> 0
C20: 7 | E20: ハイテーブル | M20: Φ600 | S20: 1050 | V20: 9000 | AB20: =V20*Y20 -> 0
C21: 8 | E21: 受付カウンター白 | M21: 900 | P21: 450 | S21: 925 | V21: 17000 | AB21: =V21*Y21 -> 0
C22: 9 | E22: スタッキングチェア | M22: 480 | P22: 525 | S22: 740 | V22: 1500 | AB22: =V22*Y22 -> 0
C23: 10 | E23: 折りたたみイス | M23: 440 | P23: 500 | S23: 810 | V23: 650 | AB23: =V23*Y23 -> 0
C24: 11 | E24: カウンターチェア | M24: 400 | P24: 450 | S24: 700～920 | V24: 5200 | AB24: =V24*Y24 -> 0
C25: 12 | E25: イーゼル | M25: 500 | S25: 950 | V25: 5200 | AB25: =V25*Y25 -> 0
C26: 13 | E26: S字フック+チェーン | M26: チェーン2本+S字フック4個1組 | V26: 650 | AB26: =V26*Y26 -> 0
C27: 14 | E27: サインスタンド貼付型 | M27: 400 | P27: 400 | S27: 900～1800 | V27: 5200 | AB27: =V27*Y27 -> 0
C28: 15 | E28: 貴名受 | M28: 130 | P28: 115 | S28: 150 | V28: 1500 | AB28: =V28*Y28 -> 0
C29: 16 | E29: カタログスタンド（卓上） | M29: A4 3段 | V29: 3900 | AB29: =V29*Y29 -> 0
C30: 17 | E30: カタログスタンド（床上） | M30: A4 12段 | V30: 7800 | AB30: =V30*Y30 -> 0
C31: 18 | E31: 液晶モニター | M31: 32インチ | V31: 39000 | AB31: =V31*Y31 -> 0
C32: 19 | M32: 40インチ | V32: 52000 | AB32: =V32*Y32 -> 0
C33: 20 | M33: 50インチ | V33: 65000 | AB33: =V33*Y33 -> 0
C34: 21 | E34: ディスプレイ用キャリアブルスタンド | M34: 40・50インチ用 | V34: 23000 | AB34: =V34*Y34 -> 0
C35: 22 | E35: LEDショートスポット | M35: LED10W | V35: 6500 | AB35: =V35*Y35 -> 0
C36: 23 | E36: LEDアームスポット | M36: LED10W | V36: 6500 | AB36: =V36*Y36 -> 0
C37: 24 | E37: 防炎白布 | M37: 約1,500 | P37: 約3,000 | V37: 5200 | AB37: =V37*Y37 -> 0
C38: 25 | E38: スチールラック | M38: 900 | P38: 450 | S38: 1800 | V38: 8500 | AB38: =V38*Y38 -> 0
Y39: 小計 | AB39: =SUM(AB14:AD38) -> 0
Y40: 消費税 | AB40: =AB39*0.1 -> 0
Y41: 合計 | AB41: =AB39+AB40 -> 0

Sheet 13パンチ
C3: 希望出展者のみ提出 | J3: FAX：011-281-7554 | AC3: 13
J4: E-Mail：kankyo-jim@anker.jp
J5: 提出期限：2026年6月26日(金)
C7: パンチカーペット申請書
C9: 出展者名 | H9: =IF(B!F9="","",B!F9) | T9: 小間番号 | Y9: =IF(B!Q9="","",B!Q9)
C11: ■ パンチカーペットについて ブースおよびスぺーズのお引渡しの際の床はコンクリートとなります。 別途パンチカーペットをお申込みいただけます。下記品番よりお申込みください。 また、カーペットの自社手配も可能ですが、自社手配の場合は所轄消防への提出が必要なため防炎番号をご入力ください。
X26: 型番
C35: 1小間9㎡ 40,000円(税別)
C36: 型番 | M36: 小間数 または ㎡ | W36: 金額
C38: ■ 自社手配の場合は、下記に防炎番号をご記入ください。
C39: 防炎番号

Sheet 14着ぐるみ
C3: 希望出展者のみ提出 | J3: FAX：011-281-7554
J4: E-Mail：kankyo-jim@anker.jp
J5: 提出期限：2026年6月26日(金)
C7: 着ぐるみ・ストックヤード申請書
C9: 出展者名 | H9: =IF(B!F9="","",B!F9) | T9: 小間番号 | Y9: =IF(B!Q9="","",B!Q9)
C11: ■ 自社ブースでの着ぐるみの使用について 自社オリジナルキャラクターなどブース内での着ぐるみのご使用が可能です。 着ぐるみの使用にあたり、着ぐるみの保管場所や着替え場所など、別途控室をご用意しています。 ※着ぐるみの部屋は各出展者共同控室となります。 ※申込書が未提出の場合、着ぐるみ控室の使用はお断りする可能性もございますので予めご了承ください。
C12: 着ぐるみ数量
C13: 着ぐるみ名称
C14: 着ぐるみサイズ | K14: 縦 | P14: cm | Q14: × | R14: 横 | V14: cm | W14: × | X14: 高さ | AC14: cm
C15: 着ぐるみの出演日 | K15: 8月1日(土)
K16: 8月2日(日)
C17: ■ ストックヤードのお申込みについて ストックヤードは有料にて貸出しをします。 ストックヤードには限りがございますので、お早めにお申込みください。 申込み多数の場合は申込みのお断り、もしくはスペース調整をご相談させていただく場合がございます。予めご了承ください。
C18: ■ 仕様 (1) サイズ・金額 1区画2㎡(1m×2m) 12,000円(税別)
C19: ストックヤード
C20: 申込み数 | O20: 小間(2㎡) | R20: × | S20: 12,000円(税別) | X20: =K20*12000 -> 0 | AD20: 円
C21: （特記事項）
C22: ■ ストックヤードに関する注意事項 ストックスペースの管理は出展者にて行ってください。 盗難・紛失・破損等があっても主催者は一切責任を負いません。
